[Event "December 19 Late 2023"]
[Site "https://www.chess.com"]
[Date "2023.12.19"]
[Round "7"]
[White "Sarana, Alexey"]
[Black "Lazavik, Denis"]
[Result "1/2-1/2"]
[Board "2"]
[TimeControl "180+1"]
[WhiteFideId "24133795"]
[BlackFideId "13515110"]
[WhiteElo "2707"]
[BlackElo "2556"]
[WhiteTeam "SRB"]
[BlackTeam "BLR"]
[WhiteClock "0:00:14"]
[BlackClock "0:00:25"]

1. d4 Nf6 2. c4 e6 3. Nc3 Bb4 4. e3 O-O 5. Bd3 d5 6. Nf3 b6 7. O-O Ba6 8. cxd5 exd5 9. Bxa6 Nxa6 10. Qd3 Qc8 11. b3 Qb7 12. Bb2 Rfe8 13. Ne5 Rac8 14. Ne2 Bf8 15. Ng3 c6 16. f4 Nc7 17. Rac1 Nb5 18. Rc2 Nd6 19. Rfc1 c5 20. dxc5 bxc5 21. h3 Nde4 22. Ne2 Nd7 23. Nxd7 Qxd7 24. Rd1 Rcd8 25. Nc3 Nxc3 26. Bxc3 Qe6 27. Re2 d4 28. Ba5 Rd6 29. e4 Qg6 30. Bc7 Rd7 31. f5 Qc6 32. Bg3 f6 33. Rc1 Bd6 34. Bxd6 Qxd6 35. Qc4+ Kf8 36. Qxc5 Qxc5 37. Rxc5 d3 38. Rd2 Rxe4 39. Kf2 h5 40. Kf3 Red4 41. g4 hxg4+ 42. hxg4 Kf7 43. Rc3 R4d5 44. Rc4 Re7 45. Re4 Rc7 46. Ke3 Rcd7 47. b4 a6 48. a4 g6 49. fxg6+ Kxg6 50. Re6 Rd4 51. Re4 R4d5 52. Kf4 Rd4 53. Ke3 R4d5 1/2-1/2

[Event "December 19 Late 2023"]
[Site "https://www.chess.com"]
[Date "2023.12.19"]
[Round "7"]
[White "Niemann, Hans Moke"]
[Black "Yeletsky, Ivan"]
[Result "1-0"]
[Board "3"]
[TimeControl "180+1"]
[WhiteFideId "2093596"]
[BlackFideId "24180327"]
[WhiteElo "2614"]
[BlackElo "2379"]
[WhiteTeam "USA"]
[BlackTeam "RUS"]
[WhiteClock "0:01:04"]
[BlackClock "0:00:00"]

1. e4 c5 2. Nf3 e6 3. b3 Nc6 4. Bb2 a6 5. c4 Nf6 6. e5 Ng4 7. g3 Qc7 8. Bg2 Ngxe5 9. Nxe5 Nxe5 10. O-O Nc6 11. Re1 b6 12. Nc3 Be7 13. Nd5 exd5 14. cxd5 O-O 15. Qg4 f6 16. dxc6 dxc6 17. Qc4+ Kh8 18. Qe4 Bd6 19. Qxc6 Qxc6 20. Bxc6 Ra7 21. d4 cxd4 22. Bxd4 Rc7 23. Rac1 b5 24. Bb6 Re7 25. Rxe7 Bxe7 26. Bf3 Bh3 27. a4 Bb4 28. a5 g5 29. Bb7 Re8 30. Bxa6 Re2 31. Bxb5 Ra2 32. a6 Bd2 33. Rd1 Bg4 34. Rf1 Bh3 35. a7 Bxf1 36. Kxf1 Ra1+ 37. Ke2 1-0

[Event "December 19 Late 2023"]
[Site "https://www.chess.com"]
[Date "2023.12.19"]
[Round "7"]
[White "Tari, Aryan"]
[Black "Fedoseev, Vladimir"]
[Result "1-0"]
[Board "4"]
[TimeControl "180+1"]
[WhiteFideId "1510045"]
[BlackFideId "24130737"]
[WhiteElo "2577"]
[BlackElo "2719"]
[WhiteTeam "NOR"]
[BlackTeam "SLO"]
[WhiteClock "0:00:21"]
[BlackClock "0:00:00"]

1. e4 e5 2. Nf3 Nc6 3. Nc3 Nge7 4. Bc4 Ng6 5. h4 Be7 6. d3 h6 7. h5 Nf8 8. Nd5 d6 9. c3 Nh7 10. Ne3 Na5 11. Bb5+ c6 12. Ba4 b5 13. Bc2 O-O 14. g4 Bf6 15. Nf5 d5 16. Qe2 Bxf5 17. gxf5 Re8 18. Rg1 Kh8 19. Bd2 c5 20. exd5 Qxd5 21. c4 bxc4 22. Bxa5 cxd3 23. Qxd3 Qxd3 24. Bxd3 e4 25. Bb5 exf3+ 26. Bxe8 Rxe8+ 27. Kf1 Bxb2 28. Re1 Rc8 29. Rg3 c4 30. Rxf3 Nf6 31. Bc3 Bxc3 32. Rxc3 Nd5 33. Rcc1 c3 34. Re4 Rc5 35. Ke2 Kh7 36. Kd3 a5 37. Kd4 Nf6 38. Kxc5 Nxe4+ 39. Kd4 Nxf2 40. Rxc3 Ng4 41. Ra3 g6 42. fxg6+ fxg6 43. Rxa5 gxh5 44. Rxh5 Kg6 45. Rh1 h5 46. a4 Nf6 47. a5 Nd7 48. a6 Nb8 49. Ra1 Kf5 50. a7 Nc6+ 51. Ke3 Nxa7 52. Rxa7 Kg4 53. Kf2 Kh3 54. Kg1 h4 55. Ra3+ 1-0

[Event "December 19 Late 2023"]
[Site "https://www.chess.com"]
[Date "2023.12.19"]
[Round "7"]
[White "Keymer, Vincent"]
[Black "Kovalev, Vladislav"]
[Result "1/2-1/2"]
[Board "5"]
[TimeControl "180+1"]
[WhiteFideId "12940690"]
[BlackFideId "13504398"]
[WhiteElo "2629"]
[BlackElo "2539"]
[WhiteTeam "GER"]
[BlackTeam "FID"]
[WhiteClock "0:00:18"]
[BlackClock "0:00:17"]

1. Nf3 Nf6 2. c4 e6 3. Nc3 d5 4. e3 a6 5. b3 b6 6. cxd5 Nxd5 7. Nxd5 Qxd5 8. Bb2 Bb7 9. Qc2 c5 10. Be2 Nd7 11. O-O Nf6 12. Rfd1 Be7 13. d4 O-O 14. Rac1 Rfd8 15. dxc5 Qxc5 16. Qxc5 Bxc5 17. Ne5 Kf8 18. Nd3 Bd6 19. f3 Rac8 20. e4 Rxc1 21. Rxc1 Nd7 22. h4 e5 23. b4 f6 24. a3 Ke7 25. Nf2 Rc8 26. Rxc8 Bxc8 27. Nd1 Nb8 28. Ne3 Be6 29. g4 g6 30. g5 fxg5 31. hxg5 b5 32. Kf2 Nc6 33. Bf1 Kd7 34. Kg3 Be7 35. Ng4 Bxg5 36. Nxe5+ Nxe5 37. Bxe5 Bc1 38. Bc3 Bxa3 39. f4 Bc1 40. Bd3 Ke7 41. f5 Bc4 42. Bc2 Bg5 43. Kg4 Be3 44. e5 gxf5+ 45. Bxf5 Be6 46. Kf3 Bxf5 47. Kxe3 Ke6 48. Kf4 h5 49. Bd4 h4 50. Bb6 h3 51. Kg3 Kxe5 52. Ba5 Be6 53. Kh2 Ke4 54. Kg3 Kd3 55. Kh2 Kc3 56. Kg3 Kd2 57. Kh2 Ke2 58. Kg3 Kf1 59. Kh2 Kf2 60. Bb6+ Kf3 61. Ba5 Bf5 62. Bb6 Kg4 63. Ba5 Be4 64. Bb6 Bd3 65. Ba5 Bc4 66. Bb6 Kh4 67. Ba5 Kg4 68. Bb6 Bb3 69. Ba5 Bc4 1/2-1/2

[Event "December 19 Late 2023"]
[Site "https://www.chess.com"]
[Date "2023.12.19"]
[Round "7"]
[White "Svane, Rasmus"]
[Black "Bortnyk, Olexandr"]
[Result "1/2-1/2"]
[Board "6"]
[TimeControl "180+1"]
[WhiteFideId "4657101"]
[BlackFideId "14120828"]
[WhiteElo "2597"]
[BlackElo "2731"]
[WhiteTeam "GER"]
[BlackTeam "UKR"]
[WhiteClock "0:00:11"]
[BlackClock "0:00:06"]

1. Nf3 Nf6 2. g3 b6 3. Bg2 Bb7 4. O-O g6 5. d4 Bg7 6. c4 O-O 7. Re1 e6 8. Bf4 d5 9. cxd5 exd5 10. Nc3 Qe7 11. Rc1 Na6 12. Be5 c5 13. dxc5 bxc5 14. Bxf6 Bxf6 15. Nxd5 Bxd5 16. Qxd5 Bxb2 17. Rc2 Nb4 18. Qxc5 Qxc5 19. Rxc5 Rfc8 20. Ra5 Bc3 21. Rb1 Rc7 22. a3 Nc2 23. Ra4 Rd8 24. e3 h6 25. Bf1 Bf6 26. h4 Kg7 27. Be2 Be7 28. Rc1 Rdc8 29. Ra6 Bxa3 30. Rb1 Be7 31. Ra4 Bf6 32. Bd3 Rd7 33. Be4 Rcc7 34. Rc1 Nd4 35. Rxc7 Nxf3+ 36. Bxf3 Rxc7 37. h5 g5 38. Ra6 Bc3 39. Kg2 Bd2 40. Be4 Rd7 41. Kf3 Be1 42. Ke2 Bb4 43. f4 gxf4 44. gxf4 Rd2+ 45. Kf3 Bc5 46. Ra5 Bb6 47. Rf5 Rh2 48. Bd5 f6 49. e4 a5 50. e5 fxe5 51. Kg3 Rf2 52. Rxe5 Rd2 53. Re7+ Kf8 54. Re5 Bc7 55. Rf5+ Ke7 56. Kf3 Bd6 57. Rf7+ Ke8 58. Rf5 Ke7 59. Rf7+ Kd8 60. Bc6 Bc7 61. f5 Rd6 62. Bb5 Rb6 63. Ba4 Rb4 64. Bc6 Rc4 65. Bb5 Rb4 66. Bc6 Rc4 67. Bd7 a4 68. f6 a3 69. Be6 Rf4+ 70. Ke3 Be5 71. Rf8+ Kc7 72. f7 Kd6 73. Rd8+ Kxe6 74. f8=Q Rxf8 75. Rxf8 a2 76. Ra8 a1=Q 77. Rxa1 Bxa1 78. Kf3 Kf5 79. Kg2 Kg4 80. Kh1 Kg3 81. Kg1 Bd4+ 82. Kh1 Kf2 83. Kh2 Be3 84. Kh1 Bf4 1/2-1/2

[Event "December 19 Late 2023"]
[Site "https://www.chess.com"]
[Date "2023.12.19"]
[Round "7"]
[White "Bortnyk, Mykola"]
[Black "Kamsky, Gata"]
[Result "0-1"]
[Board "7"]
[TimeControl "180+1"]
[WhiteFideId "14120836"]
[BlackFideId "2000024"]
[WhiteElo "2592"]
[BlackElo "2660"]
[WhiteTeam "UKR"]
[BlackTeam "USA"]
[WhiteClock "0:00:02"]
[BlackClock "0:00:09"]

1. e4 c5 2. c3 Nf6 3. e5 Nd5 4. Bc4 Nb6 5. Bb3 d5 6. exd6 Qxd6 7. Nf3 Be6 8. O-O Nc6 9. Na3 a6 10. Re1 Bd5 11. d4 cxd4 12. Nxd4 Bxb3 13. Qxb3 Nxd4 14. cxd4 e6 15. Bf4 Qxf4 16. Qxb6 Bxa3 17. bxa3 O-O 18. g3 Qf3 19. Re3 Qd5 20. Re5 Qd7 21. Rd1 Rfd8 22. d5 Qd6 23. Qb2 b5 24. Rg5 g6 25. h4 exd5 26. h5 d4 27. Rg4 d3 28. h6 Qf8 29. Rh4 Rd6 30. Rd2 Rad8 31. Qc3 g5 32. Rh5 f6 33. g4 Qe7 34. Rh3 Qe6 35. Rdxd3 Rxd3 36. Rxd3 Qxg4+ 37. Rg3 Qe4 38. Qb3+ Kf8 39. Rf3 Qg4+ 40. Kf1 Rd6 41. Qe3 Kf7 42. Qe2 Qc4 43. Re3 Qxe2+ 44. Rxe2 Kg6 45. a4 bxa4 46. Re4 Kxh6 47. Rxa4 Kg6 48. Kg2 h5 49. Kh3 h4 50. f3 Kh5 51. Ra5 Rd3 52. Kg2 Rd2+ 53. Kh3 Rf2 54. Rxa6 Rxf3+ 55. Kg2 g4 56. a4 h3+ 57. Kg1 g3 58. Ra8 Rf2 59. Rh8+ Kg4 60. Rh6 h2+ 0-1

[Event "December 19 Late 2023"]
[Site "https://www.chess.com"]
[Date "2023.12.19"]
[Round "7"]
[White "Zakhartsov, Vladimir"]
[Black "Makarian, Rudik"]
[Result "1/2-1/2"]
[Board "8"]
[TimeControl "180+1"]
[WhiteFideId "4145097"]
[BlackFideId "44105681"]
[WhiteElo "2448"]
[BlackElo "2540"]
[WhiteTeam "RUS"]
[BlackTeam "FID"]
[WhiteClock "0:00:05"]
[BlackClock "0:00:04"]

1. Nf3 g6 2. g3 Bg7 3. d4 f5 4. h4 Nf6 5. Bg5 d6 6. Nc3 Nbd7 7. Qd3 c5 8. O-O-O cxd4 9. Nxd4 Nc5 10. Qc4 h6 11. Bxf6 Bxf6 12. Nd5 Bg7 13. Nf4 Bxd4 14. Qxd4 e5 15. Qe3 Kf7 16. Nd3 Nxd3+ 17. Qxd3 Be6 18. Qxd6 Qxd6 19. Rxd6 Ke7 20. Rd2 Rad8 21. Bg2 Rxd2 22. Kxd2 Rd8+ 23. Kc1 b6 24. Rd1 Rc8 25. b3 Rc7 26. e3 e4 27. Kb2 Kf6 28. Rh1 Ke5 29. Bf1 Rd7 30. Kc1 Rd8 31. Be2 Rc8 32. Kb2 Rd8 33. Rd1 Rc8 34. c4 g5 35. hxg5 hxg5 36. Rh1 Rc7 37. Kc3 a5 38. Rh5 Rg7 39. Rh8 f4 40. gxf4+ gxf4 41. Rh5+ Bf5 42. exf4+ Kxf4 43. Rh4+ Ke5 44. Kd2 Rg1 45. Ke3 Ra1 46. Rh5 Kf6 47. Kf4 Bg6 48. Rb5 Rxa2 49. Rxb6+ Kg7 50. Ke3 Ra3 51. Bd1 Ra1 52. Bc2 Rc1 53. Kd2 Rf1 54. Ke2 Rc1 55. Kd2 Rf1 56. Ke3 Rc1 57. Rb7+ Kf6 58. Kd2 e3+ 59. Kxc1 exf2 60. Rb6+ Ke5 61. Rxg6 f1=Q+ 62. Kb2 Kd4 63. Rd6+ Ke3 64. Rd3+ Kf4 65. Rd4+ Ke3 66. Rd3+ Kf4 67. Rd4+ Kg3 68. Rd3+ Kg2 69. Rd2+ Kg3 70. Rd3+ Kf4 1/2-1/2

[Event "December 19 Late 2023"]
[Site "https://www.chess.com"]
[Date "2023.12.19"]
[Round "7"]
[White "Esipenko, Andrey"]
[Black "Szpar, Milosz"]
[Result "1-0"]
[Board "9"]
[TimeControl "180+1"]
[WhiteFideId "24175439"]
[BlackFideId "1184989"]
[WhiteElo "2615"]
[BlackElo "2446"]
[WhiteTeam "FID"]
[BlackTeam "POL"]
[WhiteClock "0:00:44"]
[BlackClock "0:00:00"]

1. b3 d5 2. Bb2 Bg4 3. f3 Bf5 4. e4 dxe4 5. Nc3 Nf6 6. g4 Bg6 7. h4 Qd6 8. Rh3 h5 9. g5 Nd5 10. Nxe4 Qd7 11. Ne2 Nc6 12. c4 Nb6 13. d4 e6 14. Nc5 Qc8 15. f4 Nd7 16. Nd3 Bd6 17. Re3 Ne7 18. Ng3 c6 19. Bg2 Bxd3 20. Rxd3 Bxf4 21. Nxh5 Ng6 22. Nxg7+ Kf8 23. Nh5 Qc7 24. Qg4 Re8 25. Rf3 e5 26. Kf1 e4 27. Rxf4 Rxh5 28. Rxf7+ Kxf7 29. Qxh5 Rh8 30. Qg4 Rxh4 31. Qf5+ Kg7 32. d5+ Nde5 33. Kg1 Rf4 34. Qe6 Qb6+ 35. Kh1 Rh4+ 36. Bh3 Qc7 37. d6 Rxh3+ 38. Qxh3 Qxd6 39. Qh6+ Kf7 40. Bxe5 Qxe5 41. Rf1+ Nf4 42. Rxf4+ Qxf4 43. g6+ 1-0

[Event "December 19 Late 2023"]
[Site "https://www.chess.com"]
[Date "2023.12.19"]
[Round "7"]
[White "Ivic, Velimir"]
[Black "Mahdavi, Reza"]
[Result "1/2-1/2"]
[Board "10"]
[TimeControl "180+1"]
[WhiteFideId "950122"]
[BlackFideId "12595926"]
[WhiteElo "2542"]
[BlackElo "2426"]
[WhiteTeam "SRB"]
[BlackTeam "IRI"]
[WhiteClock "0:00:51"]
[BlackClock "0:00:19"]

1. e4 c5 2. Nf3 d6 3. Bc4 Nf6 4. d3 Nc6 5. c3 g6 6. O-O Bg7 7. Re1 O-O 8. h3 a6 9. Bb3 e5 10. a4 h6 11. Na3 Rb8 12. Nc4 Be6 13. Ne3 Kh7 14. Bxe6 fxe6 15. Bd2 Nh5 16. g3 Qd7 17. Kg2 Rf7 18. Rf1 Rbf8 19. Nh2 d5 20. Nhg4 d4 21. Nc4 b5 22. axb5 axb5 23. Na5 Nxa5 24. Rxa5 dxc3 25. Bxc3 Rf3 26. Ne3 b4 27. Be1 Qf7 28. Qe2 Nxg3 29. fxg3 Rxe3 30. Qf2 Qxf2+ 31. Bxf2 Rxd3 32. Bxc5 Rd2+ 33. Kg1 Rxf1+ 34. Kxf1 Rxb2 35. Ra7 Kg8 36. Ra8+ Kh7 37. Ra7 Rb3 38. Kg2 Rb2+ 39. Kf1 1/2-1/2

[Event "December 19 Late 2023"]
[Site "https://www.chess.com"]
[Date "2023.12.19"]
[Round "7"]
[White "Sjugirov, Sanan"]
[Black "Beerdsen, Thomas"]
[Result "1-0"]
[Board "11"]
[TimeControl "180+1"]
[WhiteFideId "4189302"]
[BlackFideId "1030108"]
[WhiteElo "2569"]
[BlackElo "2550"]
[WhiteTeam "HUN"]
[BlackTeam "NED"]
[WhiteClock "0:00:04"]
[BlackClock "0:00:00"]

1. e4 e5 2. Nf3 Nc6 3. Bb5 f5 4. d3 fxe4 5. dxe4 Nf6 6. O-O d6 7. Bc4 Na5 8. Be2 Nc6 9. Nc3 Be7 10. Ng5 Nd4 11. Bc4 Bg4 12. Qd3 Rf8 13. h3 Bh5 14. Be3 h6 15. Ne6 Nxe6 16. Bxe6 c6 17. f4 exf4 18. Bxf4 Bf7 19. Bxf7+ Rxf7 20. Rad1 Qb6+ 21. Be3 Qc7 22. Qc4 Bf8 23. Bd4 O-O-O 24. e5 dxe5 25. Bxe5 Qb6+ 26. Kh1 Re7 27. Rxd8+ Qxd8 28. Rd1 Qe8 29. Bg3 Ne4 30. Nxe4 Rxe4 31. Qd3 h5 32. Qf3 g6 33. Qf6 h4 34. Bf2 Be7 35. Qf3 Bd8 36. c3 Bc7 37. Bg1 b6 38. Rf1 Qe5 39. Qf7 g5 40. Rf5 Qd6 41. Rf1 Re2 42. Qf5+ Kb7 43. Qxg5 Rxb2 44. Qxh4 Rxa2 45. Qe4 Rb2 46. h4 a5 47. h5 Rb5 48. Rf5 Rb2 49. Rf3 Rd2 50. Rh3 Rd1 51. Qe3 a4 52. h6 a3 53. h7 a2 54. h8=Q a1=Q 55. Qh4 Rc1 56. Qhf2 Rd1 57. Rh7 Qaa3 58. Qxb6+ Kc8 59. Rh8+ Kd7 60. Qf7+ Qe7 61. Qf5+ Qe6 62. Rh7+ Kd8 63. Qf8+ 1-0

[Event "December 19 Late 2023"]
[Site "https://www.chess.com"]
[Date "2023.12.19"]
[Round "7"]
[White "Durarbayli, Vasif"]
[Black "Drygalov, Sergey"]
[Result "0-1"]
[Board "12"]
[TimeControl "180+1"]
[WhiteFideId "13402935"]
[BlackFideId "24171743"]
[WhiteElo "2551"]
[BlackElo "2504"]
[WhiteTeam "AZE"]
[BlackTeam "RUS"]
[WhiteClock "0:00:05"]
[BlackClock "0:00:19"]

1. e4 c5 2. Nf3 d6 3. d4 cxd4 4. Nxd4 Nf6 5. Nc3 a6 6. Bg5 Nbd7 7. Qe2 h6 8. Bh4 g6 9. O-O-O Qc7 10. f4 e5 11. fxe5 dxe5 12. Nd5 Nxd5 13. exd5 Bd6 14. g4 O-O 15. Nb3 b5 16. Bg3 Bb7 17. h4 Rfc8 18. h5 g5 19. Kb1 a5 20. Qe4 a4 21. Nc1 a3 22. Bd3 Nf6 23. Qf5 axb2 24. Nb3 Rxa2 25. Qxf6 Rca8 26. c3 Bxd5 27. Qxh6 Ra1+ 28. Kc2 Bxb3+ 29. Kd2 b1=N+ 30. Rxb1 R8a2+ 31. Ke3 Qc5+ 32. Kf3 Bd5+ 33. Be4 Qxc3# 0-1

[Event "December 19 Late 2023"]
[Site "https://www.chess.com"]
[Date "2023.12.19"]
[Round "7"]
[White "Weetik, Vjacheslav"]
[Black "Khismatullin, Denis"]
[Result "0-1"]
[Board "13"]
[TimeControl "180+1"]
[WhiteFideId "4153472"]
[BlackFideId "4142578"]
[WhiteElo "2469"]
[BlackElo "2552"]
[WhiteTeam "RUS"]
[BlackTeam "RUS"]
[WhiteClock "0:00:00"]
[BlackClock "0:00:34"]

1. e4 c5 2. Nf3 d6 3. Bb5+ Nd7 4. d4 cxd4 5. Qxd4 a6 6. Bxd7+ Bxd7 7. c4 Nf6 8. Nc3 g6 9. Bg5 Bg7 10. Qd2 h6 11. Bh4 g5 12. Bg3 Nh5 13. O-O O-O 14. Nd5 Nxg3 15. hxg3 e6 16. Ne3 Bc6 17. Qc2 Qe7 18. Rad1 Rac8 19. b3 b5 20. Qd3 Qb7 21. Nd2 Rcd8 22. Rfe1 a5 23. cxb5 Bxb5 24. Ndc4 Qc7 25. a4 Ba6 26. Qd2 Bb7 27. f3 d5 28. exd5 exd5 29. Qxa5 Qc6 30. Nd2 Bc3 31. Qb5 Qxb5 32. axb5 Rfe8 33. Kf1 d4 34. Nf5 Rxe1+ 35. Kxe1 Re8+ 36. Kf1 Bd5 37. Nxh6+ Kh7 38. Nf5 Kg6 39. g4 d3 40. Nc4 Bxc4 41. bxc4 d2 42. Kf2 Kf6 43. Ne3 Bd4 0-1

[Event "December 19 Late 2023"]
[Site "https://www.chess.com"]
[Date "2023.12.19"]
[Round "7"]
[White "Dardha, Daniel"]
[Black "Delorme, Axel"]
[Result "1-0"]
[Board "14"]
[TimeControl "180+1"]
[WhiteFideId "240990"]
[BlackFideId "632023"]
[WhiteElo "2568"]
[BlackElo "2478"]
[WhiteTeam "BEL"]
[BlackTeam "FRA"]
[WhiteClock "0:00:13"]
[BlackClock "0:00:05"]

1. d4 d5 2. c4 e6 3. Nf3 c6 4. Qd3 dxc4 5. Qxc4 b5 6. Qd3 Bb7 7. Nc3 Nd7 8. Bf4 Ngf6 9. g4 b4 10. Ne4 Nxe4 11. Qxe4 Nf6 12. Qc2 c5 13. e4 Qa5 14. Nd2 cxd4 15. Nb3 Qb6 16. f3 Rc8 17. Qd3 Nd7 18. Qb5 Qxb5 19. Bxb5 f6 20. e5 Bxf3 21. O-O Bd5 22. Rac1 Rxc1 23. Rxc1 Kd8 24. exf6 e5 25. fxg7 Bxg7 26. Bg5+ Bf6 27. Bd2 Rg8 28. h3 h5 29. Nc5 Nxc5 30. Rxc5 Bf3 31. Bxb4 hxg4 32. Ba5+ Ke7 33. Rc7+ Ke6 34. Bc4+ Bd5 35. Rc6+ Kf5 36. Bxd5 Rd8 37. Be6+ Kf4 38. Bd2+ Kg3 39. Bxg4 e4 40. Rxf6 e3 41. Be1# 1-0

[Event "December 19 Late 2023"]
[Site "https://www.chess.com"]
[Date "2023.12.19"]
[Round "7"]
[White "Pulpan, Jakub"]
[Black "Nakamura, Hikaru"]
[Result "0-1"]
[Board "15"]
[TimeControl "180+1"]
[WhiteFideId "302759"]
[BlackFideId "2016192"]
[WhiteElo "2501"]
[BlackElo "2874"]
[WhiteTeam "CZE"]
[BlackTeam "USA"]
[WhiteClock "0:00:00"]
[BlackClock "0:00:25"]

1. Nf3 g6 2. e4 Bg7 3. d4 c6 4. h3 d5 5. Nc3 dxe4 6. Nxe4 Nf6 7. Bd3 O-O 8. O-O Qc7 9. c3 Nbd7 10. Re1 Rd8 11. Qe2 Nxe4 12. Qxe4 e5 13. Bg5 Re8 14. dxe5 Nc5 15. Qe3 Nxd3 16. Qxd3 Bf5 17. Qe3 Qb6 18. Qxb6 axb6 19. a3 h6 20. Be3 b5 21. Bd4 Be6 22. Nd2 Bd5 23. Ne4 Bxe4 24. Rxe4 f5 25. Re2 Rad8 26. a4 Ra8 27. a5 Bf8 28. b4 Kf7 29. Rd1 Rad8 30. Ra1 Ra8 31. Bb6 f4 32. Rd1 Ke6 33. Red2 Be7 34. Rd7 Rab8 35. Bc7 Rbc8 36. Bb6 Rb8 37. R1d4 g5 38. Ba7 c5 39. bxc5 Rbc8 40. Rxb7 Bxc5 41. Bxc5 Rxc5 42. a6 Ra8 43. a7 Rxc3 44. Rd6+ Kxe5 45. Ra6 Rcc8 46. Rxb5+ Kd4 47. Rb7 h5 48. Rg7 Rc5 49. Kh2 Ke4 50. Rb7 Rcc8 51. Rg6 Rc5 52. Ra6 Rcc8 53. Rb5 Rg8 54. Raa5 g4 55. Rb4+ Kd3 56. Rxf4 Ke2 57. Rxh5 gxh3 58. Rxh3 Rxa7 59. Re3+ Kf1 60. g3 Rh7+ 61. Rh4 Rf7 62. Rf4 Rh8+ 63. Rh4 Rg8 64. Rf4 Rgf8 65. Rxf7 Rh8+ 0-1

[Event "December 19 Late 2023"]
[Site "https://www.chess.com"]
[Date "2023.12.19"]
[Round "7"]
[White "Bryakin, Mikhail"]
[Black "Duda, Jan-Krzysztof"]
[Result "0-1"]
[Board "16"]
[TimeControl "180+1"]
[WhiteFideId "4165314"]
[BlackFideId "1170546"]
[WhiteElo "2495"]
[BlackElo "2775"]
[WhiteTeam "SRB"]
[BlackTeam "POL"]
[WhiteClock "0:00:00"]
[BlackClock "0:00:57"]

1. Nf3 g6 2. d4 Bg7 3. c4 d6 4. Nc3 c5 5. dxc5 Bxc3+ 6. bxc3 dxc5 7. Qxd8+ Kxd8 8. h4 Nf6 9. Bg5 Be6 10. O-O-O+ Nbd7 11. Ne5 Ke8 12. Nxd7 Nxd7 13. e3 Nb6 14. h5 f6 15. Bf4 g5 16. Bc7 Nxc4 17. Bxc4 Bxc4 18. a3 Rc8 19. Bg3 h6 20. Kc2 Bb5 21. Kb3 Kf7 22. c4 Bc6 23. f3 g4 24. e4 Rcg8 25. Bf4 e5 26. Be3 gxf3 27. gxf3 Rg3 28. Bxc5 Rxf3+ 29. Kb2 Rg8 30. Rh2 Rg4 31. Bxa7 Rxe4 32. Rg1 Rxc4 33. Rhg2 Bd5 34. Rg7+ Ke6 35. R7g6 Rcc3 36. Rxh6 Rxa3 37. Bb8 Ra2+ 38. Kb1 Rff2 0-1

[Event "December 19 Late 2023"]
[Site "https://www.chess.com"]
[Date "2023.12.19"]
[Round "7"]
[White "Khlebovich, Alexander"]
[Black "Paravyan, David"]
[Result "0-1"]
[Board "17"]
[TimeControl "180+1"]
[WhiteFideId "4169123"]
[BlackFideId "4194985"]
[WhiteElo "2334"]
[BlackElo "2566"]
[WhiteTeam "RUS"]
[BlackTeam "FID"]
[WhiteClock "0:00:57"]
[BlackClock "0:02:19"]

1. d4 d5 2. c4 dxc4 3. Nf3 Nf6 4. e3 e6 5. Bxc4 c5 6. O-O Nc6 7. dxc5 Qxd1 8. Rxd1 Bxc5 9. a3 a6 10. b4 Be7 11. Be2 O-O 12. Nbd2 b5 13. Nb3 Bb7 14. Bb2 a5 15. Bxb5 axb4 16. a4 Na7 17. Be2 Bd5 18. Nbd4 Ne4 19. Rdc1 Rfc8 20. Ba6 Rxc1+ 21. Rxc1 Nc5 22. Bb5 Nxb5 23. axb5 Nd3 24. Nc6 Bxc6 25. Rxc6 Nxb2 26. g4 Rb8 27. Ne5 f6 28. Nd7 Rxb5 29. Rxe6 Kf7 0-1

[Event "December 19 Late 2023"]
[Site "https://www.chess.com"]
[Date "2023.12.19"]
[Round "7"]
[White "Deac, Bogdan-Daniel"]
[Black "Adla, Diego"]
[Result "1-0"]
[Board "18"]
[TimeControl "180+1"]
[WhiteFideId "1226380"]
[BlackFideId "100072"]
[WhiteElo "2641"]
[BlackElo "2377"]
[WhiteTeam "ROU"]
[BlackTeam "ARG"]
[WhiteClock "0:00:05"]
[BlackClock "0:00:00"]

1. b3 e5 2. Bb2 d6 3. e3 Nf6 4. c4 g6 5. d4 Qe7 6. Nf3 e4 7. Nfd2 Bg7 8. d5 O-O 9. Nc3 Re8 10. h3 a5 11. g4 Na6 12. Be2 Nc5 13. Qc2 h5 14. Rg1 hxg4 15. hxg4 Nh7 16. Nb5 Bxb2 17. Qxb2 Ng5 18. Rh1 f6 19. Qd4 Na6 20. O-O-O Bd7 21. Nc3 Nc5 22. Rh6 Kg7 23. Rdh1 Rh8 24. Rxh8 Rxh8 25. Rxh8 Kxh8 26. a3 Kg7 27. Kc2 Kf7 28. b4 axb4 29. axb4 Na4 30. Ncxe4 Nxe4 31. Nxe4 Nb6 32. Nc3 Qe5 33. Qxe5 fxe5 34. f4 Na4 35. Ne4 exf4 36. exf4 Nb6 37. Kc3 Nc8 38. c5 Ke7 39. Kd4 b6 40. cxd6+ Nxd6 41. Nd2 c6 42. dxc6 Bxc6 43. Bd3 Kf7 44. Nc4 Nc8 45. Ne5+ Kf6 46. Nxc6 g5 47. f5 Nd6 48. Ne5 Nc8 49. Nd7+ Ke7 50. Ne5 Kf6 51. Nc4 Ke7 52. Ne3 Kf6 53. Nd5+ Kf7 54. Ke5 1-0

[Event "December 19 Late 2023"]
[Site "https://www.chess.com"]
[Date "2023.12.19"]
[Round "7"]
[White "Ibarra Jerez, Jose Carlos"]
[Black "Tanenbaum, Zachary"]
[Result "1-0"]
[Board "19"]
[TimeControl "180+1"]
[WhiteFideId "2226332"]
[BlackFideId "2060850"]
[WhiteElo "2634"]
[BlackElo "2256"]
[WhiteTeam "ESP"]
[BlackTeam "USA"]
[WhiteClock "0:00:08"]
[BlackClock "0:00:00"]

1. Nf3 d5 2. g3 Nc6 3. Bg2 e5 4. O-O e4 5. Ne1 Nf6 6. d3 Bf5 7. Nc3 h6 8. a3 Qd7 9. b4 Bd6 10. Bb2 Bh3 11. dxe4 Bxg2 12. Nxg2 dxe4 13. Nd5 Be5 14. Bxe5 Nxe5 15. Nxf6+ gxf6 16. Qxd7+ Kxd7 17. Rfd1+ Ke7 18. Rd4 f5 19. Rad1 Rhd8 20. Ne3 Nc6 21. Nxf5+ Kf6 22. Rxd8 Rxd8 23. Rxd8 Nxd8 24. Ne3 Ke5 25. c3 f5 26. Kf1 Nf7 27. Ke1 Nd6 28. Kd2 a5 29. bxa5 Nb5 30. a4 Na7 31. Nc2 Nc6 32. a6 bxa6 33. Ne3 Na5 34. Kc2 Nb7 35. Kb3 c6 36. Kc4 a5 37. Kb3 Nc5+ 38. Ka3 Nb7 39. Ng2 Nc5 40. Nf4 Nb7 41. f3 Nc5 42. Ng6+ Kd5 43. Ne7+ Kc4 44. Nxf5 Kxc3 45. Ne7 Kd2 46. Nxc6 e3 47. Nd4 Kc3 48. Nf5 Kd2 49. Nxh6 Kxe2 50. Nf5 Kxf3 51. h4 e2 52. Nd4+ Kf2 53. Nxe2 Kxe2 54. h5 Ne6 55. Kb3 Kd3 56. g4 Ng5 57. h6 Kd4 58. Kc2 Kc4 59. Kd2 Kb4 60. Ke3 Kxa4 61. Kf4 Nf7 62. h7 Kb4 63. g5 Nh8 64. Kf5 a4 65. g6 a3 66. g7 1-0

[Event "December 19 Late 2023"]
[Site "https://www.chess.com"]
[Date "2023.12.19"]
[Round "7"]
[White "Zhigalko, Sergei"]
[Black "Colbow, Collin"]
[Result "1-0"]
[Board "20"]
[TimeControl "180+1"]
[WhiteFideId "13502956"]
[BlackFideId "16201132"]
[WhiteElo "2616"]
[BlackElo "2321"]
[WhiteTeam "BLR"]
[BlackTeam "GER"]
[WhiteClock "0:00:23"]
[BlackClock "0:00:00"]

1. e4 c5 2. Nf3 e6 3. c3 Nf6 4. e5 Nd5 5. Bc4 d6 6. d4 cxd4 7. cxd4 Be7 8. O-O O-O 9. Bd2 a6 10. Re1 Nd7 11. Nc3 Nxc3 12. bxc3 d5 13. Bd3 Nb6 14. h4 Nc4 15. Ng5 h6 16. Nh7 Re8 17. Bc1 g6 18. h5 g5 19. f4 Kh8 20. fxg5 hxg5 21. Rf1 Qa5 22. Qe1 Rg8 23. Rxf7 Rg7 24. Rxg7 Kxg7 25. h6+ Kh8 26. Nxg5 Bxg5 27. Bxg5 1-0

[Event "December 19 Late 2023"]
[Site "https://www.chess.com"]
[Date "2023.12.19"]
[Round "7"]
[White "Popov, Konstantin"]
[Black "Lymar, Vladislav"]
[Result "1-0"]
[Board "21"]
[TimeControl "180+1"]
[WhiteFideId "34137910"]
[BlackFideId "14162180"]
[WhiteElo "2340"]
[BlackElo "2158"]
[WhiteTeam "FID"]
[BlackTeam "UKR"]
[WhiteClock "0:01:30"]
[BlackClock "0:00:40"]

1. e4 d6 2. d4 Nf6 3. Nc3 e5 4. dxe5 dxe5 5. Qxd8+ Kxd8 6. Bc4 Ke8 7. f3 Bd6 8. Be3 Nbd7 9. Nb5 Ke7 10. Nh3 a6 11. Nxd6 cxd6 12. O-O-O b5 13. Bb3 Bb7 14. Ng5 Rhf8 15. Nxf7 Rxf7 16. Bxf7 Kxf7 17. Rxd6 Ke7 18. Rhd1 Rc8 19. b3 Rc6 20. R6d2 Nf8 21. Kb2 Ne6 22. Ra1 g5 23. a4 b4 24. a5 g4 25. Ra4 gxf3 26. gxf3 Bc8 27. Rxb4 Nh5 28. Rb6 Rxb6 29. axb6 Nhf4 30. c4 Ng5 31. Bxf4 exf4 32. Rd3 Nf7 33. Rd5 Bb7 34. Rf5 Ke6 35. Rxf4 Ne5 36. Kc3 h6 37. Rf5 Nf7 38. Rc5 Ne5 39. Rc7 Ba8 40. b7 Bxb7 41. Rxb7 Nxf3 42. Rb6+ Ke5 43. Rxh6 Ng5 44. Rh5 1-0